 Dungeon Crawl Stone Soup version 0.31.0-11-ge490571c62 (webtiles) character file.

Game seed: 13496260071389817032

566917 MisterFreud the Acrobat (level 26, -9/228 HPs)
             Began as a Felid Berserker on Feb 2, 2024.
             Was the Champion of Trog.
             Engulfed by a cloud of thunder (30 damage)
             ... on level 5 of the Vaults on Feb 3, 2024.
             The game lasted 01:38:27 (61967 turns).

MisterFreud the Acrobat (Felid Berserker)          Turns: 61967, Time: 01:38:27

Health: -9/228     AC: 15    Str: 23    XL:     26   Next: 1%
Magic:  33/33      EV: 32    Int: 11    God:    Trog [******]
Gold:   4219       SH:  0    Dex: 25    Spells: 25/25 levels left
                                        Lives:  0   Deaths: 9

rFire   + +          +
                       - Unarmed
rCold   x x .        (shield unavailable)
rNeg    . . .        (body armour unavailable)
rPois   +            (helmet unavailable)
rElec   .            (cloak unavailable)
rCorr   +            (gloves unavailable)
SInv    +            (boots unavailable)
Will    ++++.        j - amulet of faith
Stlth   ++++++++     B - ring "Bakikuru" {rC- MP+9 EV+5 Slay+6 SInv}
HPRegen 0.58/turn    w - ring of Yssene {rF++ Will+ rCorr Int-3}
MPRegen 0.23/turn

%: faith
@: about to teleport, dragon-form, flying, studying 2 skills
A: dragon claw, dragon scales, breathe fire, flying, boosted hp, giant, (claws
1), (fangs 3), see invisible, (shaggy fur 3), (stealthy paws), no weapons or
thrown items, no armour, multi-lived, deterioration 1
}: 2/15 runes: decaying, serpentine
a: Breathe Fire, Begin Untransformation, Renounce Religion, Berserk, Trog's
Hand, Brothers in Arms


You were on level 5 of the Vaults.
You worshipped Trog.
Trog was exalted by your worship.
You were a fearsome dragon!
You visited 8 branches of the dungeon, and saw 41 of its levels.
You visited 2 bazaars.
You also visited: Ossuary.

You collected 5377 gold pieces.
You spent 1158 gold pieces at shops.

Inventory:

Jewellery
 j - an amulet of faith (around neck)
 s - a +5 ring of evasion
 w - the ring of Yssene (right foreclaw) {rF++ Will+ rCorr Int-3}
   (You found it on level 8 of the Dungeon)

   [ring of resist corrosion]

   Int-3:     It affects your intelligence (-3).
   rF++:      It greatly protects you from fire.
   Will+:     It increases your willpower.
   rCorr:     It protects you from acid and corrosion.
 B - the ring "Bakikuru" (left foreclaw) {rC- MP+9 EV+5 Slay+6 SInv}
   (You took it off a deep elf sorcerer on level 3 of the Elven Halls)

   [ring of evasion]

   EV+5:      It affects your evasion (+5).
   Slay+6:    It affects your accuracy & damage with ranged weapons and melee
   (+6).
   rC-:       It makes you vulnerable to cold.
   MP+9:      It affects your magic capacity (+9).
   SInv:      It lets you see invisible.
 D - an amulet of magic regeneration
 F - a ring of protection from cold
 J - a ring of magical power
 M - an amulet of regeneration
 R - a ring of magical power
 X - the ring "Yfropus" {^Contam rElec rN+ rCorr Int+6}
   (You found it on level 4 of the Snake Pit)

   [ring of positive energy]

   Int+6:     It affects your intelligence (+6).
   rElec:     It insulates you from electricity.
   rN+:       It protects you from negative energy.
   ^Contam:   It causes magical contamination when unequipped.
   rCorr:     It protects you from acid and corrosion.
 Y - the ring of the Scavenger {rElec rPois rCorr Int+3 Stlth+}
   (You took it off a deep elf annihilator on level 3 of the Elven Halls)

   [ring of resist corrosion]

   Int+3:     It affects your intelligence (+3).
   rElec:     It insulates you from electricity.
   rPois:     It protects you from poison rCorr: It protects you from acid and
   corrosion.
   Stlth+:    It makes you more stealthy.
 Z - the ring of Luobimn {Will+ Int+2 Dex-5 SInv}
   (You took it off a deep elf demonologist on level 3 of the Elven Halls)

   [ring of willpower]

   Int+2:     It affects your intelligence (+2).
   Dex-5:     It affects your dexterity (-5).
   Will+:     It increases your willpower.
   SInv:      It lets you see invisible.
Talismans
 c - a flux talisman
 H - a dragon-blood talisman (active)
 O - a granite talisman
 T - the granite talisman of Otipuzxo {rC+ Int+3 SInv}
   (You found it on level 2 of the Swamp)

   [granite talisman]

   Int+3:     It affects your intelligence (+3).
   rC+:       It protects you from cold.
   SInv:      It lets you see invisible.
 W - a granite talisman
Wands
 k - a wand of acid (21)
 o - a wand of roots (29)
 t - a wand of polymorph (25)
 v - a wand of digging (26)
 C - a wand of flame (39)
 E - a wand of mindburst (13)
 I - a wand of paralysis (37)
Scrolls
 a - 23 scrolls of teleportation
 d - 3 scrolls of blinking
 q - 7 scrolls of poison
 r - 4 scrolls of fog
 u - 4 scrolls of revelation
 y - 10 scrolls of immolation
 z - 21 scrolls of identify
 A - 3 scrolls of silence
 L - a scroll of torment
 N - 7 scrolls of fear
 S - 4 scrolls of vulnerability
 V - 3 scrolls of noise
Potions
 b - 6 potions of berserk rage
 e - 17 potions of curing
 f - 5 potions of haste
 g - 5 potions of invisibility
 h - 5 potions of might
 i - 8 potions of attraction
 l - 8 potions of lignification
 m - 6 potions of cancellation
 n - 8 potions of enlightenment
 p - 4 potions of ambrosia
 K - 4 potions of mutation
 Q - a potion of resistance
 U - 4 potions of magic
Miscellaneous
 x - a box of beasts (inert)
 G - a tin of tremorstones (2/2)


   Skills:
 - Level 20.0 Fighting
 + Level 24.7 Dodging
 - Level 20.0 Stealth
 + Level 21.3 Unarmed Combat
 + Level 16.8 Evocations
 + Level 20.6 Shapeshifting


You had 25 spell levels left.
You didn't know any spells.
Your spell library was empty.

Dungeon Overview and Level Annotations

Branches:
Dungeon (15/15)            Temple (0/1) D:5            Lair (5/5) D:10
  Swamp (4/4) Lair:3        Snake (4/4) Lair:3        Slime (0/5) Lair:4
    Orc (2/2) D:12            Elf (3/3) Orc:2        Vaults (5/5) D:13
  Crypt (0/3) Vaults:2     Depths (3/4) D:15        Ossuary (visited)

Altars:
Dithmenos
Elyvilon
Trog
Xom
Jiyva

Shops:
D:2 (   D:5 :   D:6 *   D:9 :   D:10 [   D:11 :   Orc:1 !   Orc:2 ((!*
Elf:1 ==   Snake:1 [   Vaults:4 (*

Portals:
Hell: Depths:1 Depths:2
Abyss: Depths:1
Pandemonium: Depths:2
Ziggurat: Depths:3

Annotations:
D:7 3 runed translucent doors, dakkaduck's ghost, novice MiBe
Lair:3 3 runed translucent doors, Irhican's ghost, journeyman MiBe
Swamp:1 3 runed translucent doors, dakkaduck's ghost, journeyman MiBe
Swamp:3 2 transporters, xzight's ghost, adept MiBe
Orc:1 2 transporters
Vaults:3 3 runed translucent doors, melvinkitnick's ghost, adept DgAE
Depths:2 exclusion: orange crystal statue


Innate Abilities, Weirdness & Mutations

You are a fearsome dragon!
You have a powerful clawing attack.
Your giant scaled body is strong and resilient, but less evasive.
You can breathe fire.
You are flying.
Your maximum health is greatly increased.
((You have sharp claws.))
((You have razor-sharp teeth.))
You have supernaturally acute eyesight. (SInv)
((Your thick and shaggy fur keeps you warm. (AC +3, rC+)))
((Your paws help you pounce on unaware monsters.))
You are incapable of wielding weapons or throwing items.
You cannot wear armour.
You gain extra lives every three experience levels.
Your body sometimes deteriorates upon taking damage.


Message History

The shadow dragon dies!
You hear a splash.
The shadow dragon scales are intact enough to wear.
You have reached level 26!
Unknown command.
You bite Bai Suzhen!! You bite Bai Suzhen!
Bai Suzhen is almost dead.
You are engulfed in a thunderstorm.
* * * LOW HITPOINT WARNING * * *
A tentacled monstrosity comes into view.
Bai Suzhen bites you!
* * * LOW HITPOINT WARNING * * *
Bai Suzhen claws you!
* * * LOW HITPOINT WARNING * * *
Bai Suzhen completely misses you.
Unknown command.
Unknown command.
Unknown command.
Unknown command.
You maul Bai Suzhen!!!
You kill Bai Suzhen!
Trog accepts your kill.
The storm dragon scales {Bai Suzhen} are intact enough to wear.
You are engulfed in a thunderstorm.
* * * LOW HITPOINT WARNING * * *
A vault warden comes into view. It is wielding a +0 dire flail.
Training target 20.0 for Fighting reached!
Your Fighting skill increases to level 20!
Unknown command.
Unknown command.
Unknown command.
As you read the scroll of teleportation, it crumbles to dust.
You feel strangely unstable.
A redback comes into view.
The vault warden activates a sealing rune.
The redback moves out of view.
You hear a shout!
Unknown command.
You are engulfed in a thunderstorm.
You die...

#..# ##.. ##p.## .... ......
...# ... .... ...# #.. #..#
...# ...# #W. #..# ...# ...#
#.. #..# ...#
...#####.)#####§D#####...#
..........Xk[~.[§.pp.....#..#
..........))C~.§§...........#
.#######################....#
p..... ...#


pp.... .# p.$... ...... .##### You could see a tentacled monstrosity, a vault
warden, 2 vault guards, an ettin and a lindwurm shaped shifter.

Vanquished Creatures
  2 ancient liches
  Mara (Elf:3)
  Bai Suzhen (Vaults:5)
  A golden dragon (Depths:2)
  A bone dragon (Elf:1)
  A lich (Depths:1)
  Asterion (Vaults:2)
  2 deep elf blademasters (Elf:3)
  3 deep elf master archers (Elf:3)
  Kirke (D:13)
  2 sphinxes
  Gastronok (D:8)
  2 tengu reavers
  4 nagarajas
  2 thorn hunters
  A fenstrider witch (Swamp:4)
  2 fire giants
  An azure jelly (Swamp:4)
  9 deep elf sorcerers (Elf:3)
  13 vault wardens
  2 frost giants
  4 deep elf elementalists (Elf:3)
  A reaper (Depths:2)
  11 ironbound preservers
  2 orc warlords (Orc:2)
  3 caustic shrike skeletons (Elf:1)
  A formless jellyfish (Vaults:1)
  4 very ugly things (Depths:3)
  A spriggan defender (Depths:1)
  4 ironbound thunderhulks
  8 stone giants
  4 deep elf demonologists (Elf:3)
  2 green draconians (Swamp:1)
  11 deep elf annihilators
  4 eleionomae
  2 war gargoyles (Vaults:5)
  4 bunyips
  3 spark wasps (Depths:2)
  22 dire elephants
  4 ettins
  4 crystal guardians (Depths:2)
  A fire dragon (Depths:1)
  An entropy weaver (Vaults:3)
  Snorg (D:10)
  The ghost of TobyConnect the Fighter, a journeyman MiFi of Gozag (D:11)
  11 yaktaur captains
  5 deep elf high priests
  A shambling mangrove (Swamp:2)
  4 rakshasas
  Fannar (D:11)
  19 hydras
  8 ironbound frosthearts
  3 salamander tyrants (Snake:4)
  9 vault guards
  3 ice dragons (Swamp:4)
  3 spriggan air magi (Depths:2)
  6 great orbs of eyes
  4 ghost crabs
  3 boulder beetles
  5 alligators
  A hell beast (Depths:2)
  3 ogre magi
  A death knight (D:13)
  37 dancing weapons
  3 deep troll shamans
  8 two-headed ogres
  Erica (D:8)
  8 deep troll earth magi
  13 anacondas
  6 tengu warriors
  11 naga warriors
  10 centaur warriors
  3 death yaks (Lair:1)
  7 orc high priests
  4 shock serpents
  Urug (D:12)
  An occultist (Depths:1)
  21 deep elf knights
  18 naga sharpshooters
  2 soul eaters (D:13)
  2 spriggan berserkers
  A sun demon (D:13)
  9 hell knights
  Nergalle (D:10)
  14 spriggans
  2 sixfirhies (D:13)
  2 skeletal warriors (D:13)
  3 iron trolls
  A shadow wraith (Vaults:1)
  8 spriggan druids
  2 salamander mystics
  2 skysharks (Lair:5)
  5 glowing orange brains
  Lodul (D:10)
  8 goliath frogs
  8 mana vipers
  32 deep trolls
  4 sea snakes (Snake:4)
  7 lindwurms
  4 swamp dragons
  5 bog bodies
  4 naga ritualists
  3 arcanists
  A spriggan simulacrum (Elf:1)
  2 phantasmal warriors
  12 ironbound convokers
  5 orc knights
  16 deep elf archers
  37 deep elf pyromancers
  8 harpies
  3 necromancers
  33 ugly things
  37 deep elf zephyrmancers
  6 orc sorcerers
  Maurice (D:7)
  A salamander (shapeshifter) (D:14)
  7 cyclopes
  5 will-o-the-wisps
  42 salamanders
  2 wolf spiders
  7 manticores
  A spectral centaur (D:11)
  3 meliai (D:15)
  A moth of wrath (Swamp:3)
  A meliai (shapeshifter) (Elf:1)
  A rust devil (D:13)
  A smoke demon (D:13)
  6 vault sentinels
  28 black mambas
  12 guardian serpents
  10 naga magi
  36 slime creatures
  Joseph (D:10)
  3 large abominations (Elf:1)
  A black mamba (shapeshifter) (D:13)
  6 elephants (Lair:5)
  13 cane toads
  Maggie (D:7)
  A gargoyle (D:12)
  4 orange demons (D:13)
  A torpor snail (Lair:5)
  8 kobold blastminers (Orc:2)
  5 unseen horrors
  Jeremiah (Lair:1)
  4 rime drakes
  52 yaktaurs
  3 komodo dragons
  2 efreet (D:14)
  6 freezing wraiths
  An ice devil (D:13)
  A golden dragon simulacrum (Elf:1)
  A tengu conjurer (Depths:1)
  A bloated husk (Swamp:3)
  2 polar bears
  13 trolls
  5 red devils (D:13)
  12 tyrant leeches
  A tengu simulacrum (Elf:1)
  A queen bee (shapeshifter) (D:10)
  3 hellwings (D:13)
  A raiju (shapeshifter) (Elf:2)
  15 blink frogs
  A tarantella (Vaults:3)
  18 hornets
  A blink frog (shapeshifter) (D:14)
  Sigmund (D:2)
  A wraith (D:12)
  A vampire (D:12)
  28 yaks
  13 water elementals
  A shadow (D:10)
  13 wyverns
  2 ynoxinuls (D:13)
  2 air elementals
  6 basilisks
  2 fire elementals
  2 hogs (shapeshifter) (D:15)
  2 neqoxecs (D:13)
  6 redbacks
  8 wargs
  2 steam dragons
  9 vampire mosquitoes
  A chaos spawn (D:13)
  30 nagas
  5 swamp worm simulacra (Swamp:4)
  19 swamp worms
  25 water moccasins
  4 hell hounds (Elf:3)
  16 hydra simulacra (Swamp:4)
  Duvessa (D:7)
  2 swamp drakes (Swamp:1)
  3 black bears
  48 orc warriors
  A meliai simulacrum (D:11)
  3 ice beasts
  13 laughing skulls
  20 ogres
  7 boggarts
  10 centaurs
  12 wolves
  2 phantoms (D:6)
  A kobold brigand (D:9)
  12 bullfrogs
  2 gnoll sergeants
  2 earth elementals
  14 scorpions
  5 wights (D:9)
  Dowan (D:7)
  4 killer bees (D:7)
  2 howler monkeys
  4 electric eels (D:12)
  3 lava snakes (Snake:2)
  2 bombardier beetles
  A centaur zombie (Ossuary)
  34 orc priests
  3 hounds
  A spectral boggart (D:11)
  3 gnoll boudas
  An iguana (D:5)
  A scorpion zombie (Ossuary)
  31 orc wizards
  A sleepcap (D:6)
  A boggart zombie (D:11)
  6 hell rats (Lair:2)
  3 mummies (Ossuary)
  27 gnolls
  9 adders
  2 shadow imps (D:6)
  15 white imps
  3 swamp drake simulacra (Swamp:4)
  2 ufetubi (D:5)
  An adder zombie (Ossuary)
  2 ribbon worms (D:2)
  111 orcs
  7 endoplasms
  7 giant cockroaches
  3 gnoll zombies (Ossuary)
  16 goblins
  6 hobgoblins
  7 kobolds
  A quokka (D:2)
  7 ball pythons
  3 ball python zombies (Ossuary)
  5 bats
  3 frilled lizards
  3 jackal zombies (Ossuary)
  2 orc zombies (Ossuary)
  5 rats
  A butterfly (Lair:2)
1749 creatures vanquished.

Vanquished Creatures (collateral kills)
  Boris (Vaults:5)
  A frost giant (Vaults:5)
  An ironbound preserver (Vaults:1)
  A stone giant (Vaults:5)
  A hydra (Lair:1)
  A vault guard (Vaults:5)
  A boulder beetle (D:12)
  An anaconda (Snake:4)
  2 death yaks (Lair:1)
  2 sun demons
  3 hell knights (Depths:3)
  A salamander mystic (Snake:4)
  A sea snake (Snake:4)
  A wolf spider (D:10)
  5 salamanders (Snake:4)
  A naga mage (Snake:4)
  2 gargoyles (D:12)
  A vault sentinel (Vaults:5)
  A black mamba (Snake:4)
  2 tengu conjurers (D:13)
  2 blink frogs (Lair:5)
  A water elemental (D:12)
  A wraith (D:13)
  A vampire mosquito (D:12)
  A naga (Snake:4)
  A wolf (Lair:1)
37 creatures vanquished.

Vanquished Creatures (others)
  A shadow dragon (Vaults:5)
  A centaur warrior (Vaults:1)
  A deep elf knight (Elf:1)
  A deep elf zephyrmancer (Elf:3)
  A bloated husk (Swamp:2)
  4 humans (D:13)
  2 nagas
  A quokka (D:11)
  2 kobolds (D:9)
  19 foxfires
33 creatures vanquished.

Grand Total: 1819 creatures vanquished

Notes
Turn   | Place    | Note
-------+----------+-------------------------------------------
     0 | D:1      | MisterFreud the Felid Berserker began the quest for the
                  | Orb.
     0 | D:1      | Reached XP level 1. HP: 12/12 MP: 2/2
   153 | D:1      | Reached XP level 2. HP: 16/16 MP: 3/3
   641 | D:1      | Reached skill level 1 in Stealth
   688 | D:2      | Reached XP level 3. HP: 20/20 MP: 4/4
   736 | D:2      | Noticed Sigmund
   754 | D:2      | Reached ** piety under Trog
   827 | D:2      | Killed Sigmund
   828 | D:2      | Reached skill level 5 in Stealth
   828 | D:2      | Reached XP level 4. HP: 17/24 MP: 5/5
   828 | D:2      | Gained a life (2 lives remaining)
   828 | D:2      | Reached XP level 5. HP: 20/28 MP: 6/6
  1085 | D:2      | Reached skill level 5 in Unarmed Combat
  1154 | D:2      | Found a bloodstained altar of Trog.
  1337 | D:2      | Found Plog's Weapon Shop.
  1493 | D:3      | Found a faded altar of an unknown god.
  1664 | D:3      | Gained mutation: You are covered in thick fur. (AC +2)
                  | [Felid growth]
  1664 | D:3      | Reached XP level 6. HP: 28/32 MP: 7/7
  2475 | D:4      | Reached skill level 5 in Dodging
  2597 | D:4      | Reached XP level 7. HP: 36/36 MP: 8/8
  2627 | D:4      | Reached skill level 6 in Dodging
  2692 | D:4      | Found a sand-covered staircase.
  2701 | Ossuary  | Entered an ossuary
  2775 | Ossuary  | Reached *** piety under Trog
  2784 | Ossuary  | Reached skill level 7 in Dodging
  2922 | Ossuary  | Reached skill level 8 in Dodging
  3125 | Ossuary  | Reached skill level 9 in Dodging
  3222 | Ossuary  | Reached XP level 8. HP: 34/40 MP: 9/9
  3312 | Ossuary  | Reached skill level 10 in Dodging
  3508 | D:4      | Reached skill level 1 in Shapeshifting
  3979 | D:5      | Entered Level 5 of the Dungeon
  4072 | D:5      | Found Ruezxoy's Vocational Training.
  4220 | D:5      | Found a staircase to the Ecumenical Temple.
  4530 | D:5      | Reached skill level 5 in Fighting
  4717 | D:6      | Reached XP level 9. HP: 40/47 MP: 10/10
  4780 | D:6      | Found Juorgh's General Store.
  4792 | D:6      | Bought a potion of might for 48 gold pieces
  4849 | D:6      | Reached skill level 5 in Shapeshifting
  4946 | D:6      | Reached **** piety under Trog
  5012 | D:6      | Reached skill level 1 in Evocations
  5787 | D:7      | Noticed dakkaduck's ghost (novice MiBe)
  5787 | D:7      | Noticed a white ugly thing
  5793 | D:7      | Found a runed translucent gate.
  5793 | D:7      | Found a runed translucent gate.
  5793 | D:7      | Found a runed translucent gate.
  5913 | D:7      | Noticed Duvessa
  5913 | D:7      | Noticed Dowan
  6357 | D:7      | Killed Duvessa
  6361 | D:7      | Killed Dowan
  6543 | D:7      | Noticed Maurice
  6553 | D:7      | Killed Maurice
  6554 | D:7      | Reached XP level 10. HP: 51/51 MP: 11/11
  6598 | D:7      | Noticed Maggie
  6615 | D:7      | Killed Maggie
  6927 | D:8      | Noticed Gastronok
  6940 | D:8      | Killed Gastronok
  7486 | D:8      | Identified the ring of Yssene {rF++ Will+ rCorr Int-3}
  7495 | D:8      | Noticed Erica
  7506 | D:8      | Killed Erica
  7507 | D:8      | Reached skill level 5 in Evocations
  7772 | D:9      | Reached skill level 10 in Stealth
  8311 | D:9      | Found Vizacok's Self-Published Books.
  8684 | D:10     | Entered Level 10 of the Dungeon
  8684 | D:10     | Noticed a two-headed ogre
  8687 | D:10     | Found a staircase to the Lair.
  8687 | D:10     | Noticed Joseph
  8756 | D:10     | Noticed Nergalle
  8760 | D:10     | Killed Nergalle
  8761 | D:10     | Reached XP level 11. HP: 55/55 MP: 12/12
  8845 | D:10     | Noticed Snorg
  9044 | D:10     | Found a shimmering altar of Xom.
  9093 | D:10     | Reached skill level 10 in Unarmed Combat
  9129 | D:10     | Killed a two-headed ogre
  9293 | D:10     | Found Reavysm's Antique Armour Shoppe.
  9548 | D:10     | Noticed a centaur warrior
  9549 | D:10     | Noticed a boulder beetle
  9549 | D:10     | Noticed a wolf spider
  9551 | D:10     | Killed a boulder beetle
  9551 | D:10     | Reached ***** piety under Trog
  9552 | D:10     | Noticed a tengu warrior
  9553 | D:10     | Killed a centaur warrior
  9577 | D:10     | Killed a tengu warrior
  9616 | D:10     | Killed a wolf spider
  9651 | D:10     | Noticed Lodul
  9704 | D:10     | Killed Snorg
 10047 | D:10     | Killed Lodul
 10110 | D:10     | Killed Joseph
 10164 | D:10     | Reached skill level 10 in Fighting
 10649 | D:10     | Reached skill level 11 in Dodging
 10748 | D:10     | Noticed an orc high priest
 10748 | D:10     | Noticed a deep elf archer
 10751 | D:10     | Killed an orc high priest
 10752 | D:10     | Gained mutation: Your thick and shaggy fur keeps you warm.
                  | (AC +3, rC+) [Felid growth]
 10752 | D:10     | Reached XP level 12. HP: 67/67 MP: 13/13
 10753 | D:10     | Reached skill level 12 in Dodging
 10756 | D:10     | Noticed a centaur warrior
 10784 | D:10     | Killed a centaur warrior
 11006 | D:10     | Noticed an ogre mage
 11006 | D:10     | Noticed a four-headed hydra
 11009 | D:10     | Killed an ogre mage
 11010 | D:10     | Reached skill level 13 in Dodging
 11013 | D:10     | Killed a four-headed hydra
 11015 | D:10     | Identified the +5 great sword of Mens Rea {antimagic, rPois
                  | rN+}
 11017 | D:10     | Identified the +6 great sword "Retinayse" {flame, rPois
                  | Dex+3}
 11018 | D:10     | Identified the +3 orcbow "Forom" {flame, *Corrode rC++
                  | Will+}
 11386 | D:11     | Reached skill level 14 in Dodging
 11663 | D:11     | Identified the +1 short sword of Ymokess {freeze, *Noise
                  | rC- rN+++ rCorr}
 11676 | D:11     | Found a white marble altar of Elyvilon.
 11816 | D:11     | Found a runed translucent gate.
 11816 | D:11     | Found a runed translucent gate.
 11816 | D:11     | Found a runed translucent gate.
 11817 | D:11     | Noticed TobyConnect's ghost (journeyman MiFi)
 11891 | D:11     | Noticed Fannar
 11896 | D:11     | Killed Fannar
 11897 | D:11     | Reached skill level 15 in Dodging
 12058 | D:11     | Noticed a two-headed ogre
 12082 | D:11     | Killed a two-headed ogre
 12270 | D:11     | Found Royrr's Book Shop.
 12769 | D:11     | Killed TobyConnect's ghost
 12983 | D:12     | Noticed Urug
 12986 | D:12     | Killed Urug
 13163 | Lair:1   | Entered Level 1 of the Lair of Beasts
 13361 | Lair:1   | Identified a scroll of acquirement
 13362 | Lair:1   | Acquired a manual of Dodging
 13366 | Lair:1   | Noticed Jeremiah
 13414 | Lair:1   | Killed Jeremiah
 13764 | Lair:1   | Noticed a death yak
 13764 | Lair:1   | Noticed a death yak
 13765 | Lair:1   | Noticed a death yak
 13766 | Lair:1   | Noticed a death yak
 13770 | Lair:1   | Noticed a death yak
 13799 | Lair:1   | Noticed a six-headed hydra
 13806 | Lair:1   | Killed a death yak
 13808 | Lair:1   | Killed a six-headed hydra
 13809 | Lair:1   | Reached XP level 13. HP: 54/72 MP: 14/14
 13842 | Lair:1   | Slain by a death yak
 13842 | Lair:1   | Lost a life (1 life remaining)
 13869 | Lair:1   | Reached skill level 16 in Dodging
 14449 | Lair:2   | You fall into a shaft and drop 2 floors!
 15322 | Lair:2   | Reached skill level 17 in Dodging
 16125 | Lair:3   | Found a staircase to the Swamp.
 16284 | Lair:3   | Found a runed translucent gate.
 16284 | Lair:3   | Found a runed translucent gate.
 16284 | Lair:3   | Found a runed translucent gate.
 16285 | Lair:3   | Noticed Irhican's ghost (journeyman MiBe)
 16516 | Lair:3   | Found a staircase to the Snake Pit.
 17170 | Lair:4   | Reached skill level 18 in Dodging
 17242 | Lair:4   | Found a viscous altar of Jiyva.
 17243 | Lair:4   | Found a staircase to the Slime Pits.
 17628 | Lair:5   | Entered Level 5 of the Lair of Beasts
 17878 | Lair:5   | Reached skill level 19 in Dodging
 18031 | Lair:5   | Reached XP level 14. HP: 77/77 MP: 15/15
 18031 | Lair:5   | Gained a life (2 lives remaining)
 18267 | Lair:5   | Paralysed by a hornet for 2 turns
 18280 | Lair:5   | Paralysed by a hornet for 2 turns
 18766 | Lair:5   | Reached skill level 20 in Dodging
 19612 | Lair:5   | Reached skill level 10 in Shapeshifting
 20647 | D:12     | Found a staircase to the Orcish Mines.
 21434 | D:12     | HP: 2/115 [large slime creature (40)]
 21463 | D:13     | Demolished by a large slime creature
 21463 | D:13     | Lost a life (1 life remaining)
 21500 | D:13     | HP: 3/75 [tengu warrior/+2 dire flail of protection (2)]
 21553 | D:13     | Noticed Kirke
 21556 | D:13     | HP: 1/77 [neqoxec/psychic fangs (7)]
 21557 | D:13     | Gained mutation: Your body sometimes deteriorates upon
                  | taking damage. [a neqoxec]
 21558 | D:13     | Mangled by a sixfirhy
 21558 | D:13     | Lost a life (0 lives remaining)
 21577 | D:13     | Found the +3 giant club "Skullcrusher" {speed, Str+7}
 21719 | D:13     | HP: 3/76 [six-headed hydra (8)]
 22524 | D:13     | Reached XP level 15. HP: 67/80 MP: 16/16
 22524 | D:13     | Gained a life (1 life remaining)
 23182 | D:13     | Killed Kirke
 23925 | D:13     | Found a gate to the Vaults.
 24593 | D:15     | Entered Level 15 of the Dungeon
 24910 | D:15     | Found a staircase to the Depths.
 25169 | D:15     | Reached ****** piety under Trog
 25214 | D:15     | HP: 3/105 [centaur warrior/+2 war axe of electrocution
                  | (20)]
 25594 | D:15     | Reached skill level 15 in Shapeshifting
 26524 | Orc:1    | Entered Level 1 of the Orcish Mines
 26616 | Orc:1    | Found a transporter.
 26616 | Orc:1    | Found Wupn's Distillery.
 26898 | Orc:1    | Found a transporter.
 27103 | Orc:2    | Entered Level 2 of the Orcish Mines
 27211 | Orc:2    | Reached XP level 16. HP: 85/85 MP: 17/17
 27211 | Orc:2    | Gained a life (2 lives remaining)
 27368 | Orc:2    | Found Uwyiman's Weapon Emporium.
 27445 | Orc:2    | Found Qokuff's Antique Weapon Shoppe.
 28426 | Orc:2    | Found a staircase to the Elven Halls.
 28500 | Orc:2    | Found Avisof Ceet's Distillery.
 28610 | Orc:2    | Bought a potion of heal wounds for 85 gold pieces
 28610 | Orc:2    | Bought a potion of cancellation for 136 gold pieces
 28610 | Orc:2    | Bought a potion of heal wounds for 85 gold pieces
 28610 | Orc:2    | Bought a potion of curing for 51 gold pieces
 28630 | Orc:2    | Found Hatam's General Store.
 28699 | Orc:2    | Bought a scroll of teleportation for 33 gold pieces
 29195 | Snake:1  | Entered Level 1 of the Snake Pit
 29248 | Snake:1  | You are sucked into a shaft and drop 1 floor!
 29502 | Snake:1  | Found Nuzismuts's Armour Shoppe.
 31941 | Snake:2  | Identified the +8 war axe of the Genius {venom, rElec rF+
                  | Str-4 Dex+2}
 33283 | Snake:3  | Reached XP level 17. HP: 93/93 MP: 18/18
 34441 | Snake:4  | Entered Level 4 of the Snake Pit
 34812 | Snake:4  | Identified the ring "Yfropus" {^Contam rElec rN+ rCorr
                  | Int+6}
 37379 | Snake:4  | Reached skill level 15 in Unarmed Combat
 37395 | Snake:4  | Got a serpentine rune of Zot
 37989 | Swamp:1  | Entered Level 1 of the Swamp
 37999 | Swamp:1  | Found a runed translucent gate.
 38000 | Swamp:1  | Found a runed translucent gate.
 38003 | Swamp:1  | Found a runed translucent gate.
 38008 | Swamp:1  | Acquired a manual of Evocations
 38043 | Swamp:1  | Noticed dakkaduck's ghost (journeyman MiBe)
 38440 | Swamp:1  | Reached XP level 18. HP: 101/101 MP: 19/19
 38814 | Swamp:1  | Acquired a manual of Unarmed Combat
 39358 | Swamp:2  | Paralysed by a hornet for 2 turns
 39882 | Swamp:2  | Identified the +0 spear "Yrgh" {flame, Str+3}
 40020 | Swamp:2  | Identified the granite talisman of Otipuzxo {rC+ Int+3
                  | SInv}
 41512 | Swamp:3  | Found a transporter.
 41536 | Swamp:3  | Found a transporter.
 41548 | Swamp:3  | Noticed xzight's ghost (adept MiBe)
 42130 | Swamp:3  | Reached skill level 21 in Dodging
 42377 | Swamp:4  | Entered Level 4 of the Swamp
 44114 | Swamp:4  | Got a decaying rune of Zot
 44230 | Swamp:4  | Reached skill level 10 in Evocations
 44416 | Vaults:1 | Entered Level 1 of the Vaults
 45460 | Vaults:1 | Reached XP level 19. HP: 107/107 MP: 20/20
 45826 | Vaults:1 | Reached skill level 22 in Dodging
 45838 | Vaults:1 | Noticed an ancient lich
 45887 | Vaults:1 | Killed from afar by an ancient lich
 45887 | Vaults:1 | Lost a life (1 life remaining)
 46122 | Vaults:1 | Killed an ancient lich
 46123 | Vaults:1 | Reached skill level 15 in Fighting
 46414 | Vaults:1 | Killed from afar by an ironbound frostheart
 46414 | Vaults:1 | Lost a life (0 lives remaining)
 46415 | Vaults:1 | Reached XP level 20. HP: 113/113 MP: 21/21
 46415 | Vaults:1 | Gained a life (1 life remaining)
 47165 | Vaults:2 | Found a staircase to the Crypt.
 47275 | Vaults:2 | Noticed Asterion
 47281 | Vaults:2 | Killed from afar by an ironbound thunderhulk
 47281 | Vaults:2 | Lost a life (0 lives remaining)
 47282 | Vaults:2 | Reached XP level 21. HP: 119/119 MP: 22/22
 47282 | Vaults:2 | Gained a life (1 life remaining)
 47400 | Vaults:2 | Identified the +0 ring mail of Spite {Str-4 Int+4}
 47440 | Vaults:2 | Killed Asterion
 48790 | Vaults:3 | Found a runed translucent gate.
 48790 | Vaults:3 | Found a runed translucent gate.
 48790 | Vaults:3 | Found a runed translucent gate.
 48790 | Vaults:3 | Noticed melvinkitnick's ghost (adept DgAE)
 49521 | Vaults:3 | Found a gateway to a bazaar.
 49534 | Bazaar   | Entered a bazaar
 49542 | Bazaar   | Found Gadikog's Book Shop.
 49555 | Bazaar   | Found Wounukoa's Book Shop.
 49589 | Bazaar   | Bought a manual of Stealth for 720 gold pieces
 50229 | Vaults:3 | Reached XP level 22. HP: 126/126 MP: 23/23
 50229 | Vaults:3 | Gained a life (2 lives remaining)
 50370 | Vaults:3 | Found a viscous altar of Jiyva.
 50397 | Vaults:4 | Found Summak's Assorted Antiques.
 50425 | Vaults:4 | Slain by a vault warden
 50425 | Vaults:4 | Lost a life (1 life remaining)
 50530 | Vaults:4 | Killed from afar by an ironbound frostheart
 50530 | Vaults:4 | Lost a life (0 lives remaining)
 50632 | Vaults:4 | Reached skill level 15 in Stealth
 50632 | Vaults:4 | Reached XP level 23. HP: 130/130 MP: 24/24
 51704 | Vaults:4 | Found Relawot's Weapon Emporium.
 52496 | Elf:1    | Entered Level 1 of the Elven Halls
 52508 | Elf:1    | Found Rife's Jewellery Boutique.
 53615 | Elf:1    | Found Vururph's Jewellery Shoppe.
 53803 | Elf:1    | Reached skill level 23 in Dodging
 54105 | Elf:2    | Found a runed translucent gate.
 54105 | Elf:2    | Found a runed translucent gate.
 54106 | Elf:2    | Found a runed translucent gate.
 54628 | Elf:2    | Identified the +1 rapier "Gazeix" {heavy, +Blink rF+++ rC-
                  | rN+}
 54981 | Elf:2    | Reached skill level 15 in Evocations
 55935 | Elf:3    | Entered Level 3 of the Elven Halls
 55962 | Elf:3    | Found a flickering gateway to a bazaar.
 55971 | Bazaar   | Entered a bazaar
 55981 | Bazaar   | Found Sute's Antique Armour Shop.
 55991 | Bazaar   | Found Utteo's Weapon Boutique.
 56009 | Bazaar   | Found Vatoix's Armour Emporium.
 56037 | Bazaar   | Found Heusumue's Armour Shop.
 56051 | Bazaar   | Found Ukut's Jewellery Boutique.
 56530 | Elf:3    | Reached XP level 24. HP: 137/137 MP: 24/24
 56615 | Elf:3    | Acquired a manual of Fighting
 57506 | Elf:3    | Noticed Mara
 57872 | Elf:3    | Killed Mara
 57876 | Elf:3    | Identified the ring of the Scavenger {rElec rPois rCorr
                  | Int+3 Stlth+}
 57883 | Elf:3    | Identified the +2 glaive "Eqyuham" {chaos, rN+ Dex+4}
 58252 | Elf:3    | Identified the +6 flail of Dullness {flame, rC+++ Will-
                  | rCorr Dex+2}
 58252 | Elf:3    | Identified the ring of Luobimn {Will+ Int+2 Dex-5 SInv}
 58606 | Elf:3    | Identified the ring "Bakikuru" {rC- MP+9 EV+5 Slay+6 SInv}
 59223 | Depths:1 | Entered Level 1 of the Depths
 59470 | Depths:1 | Reached skill level 24 in Dodging
 59563 | Depths:1 | Found a gateway to Hell.
 59646 | Depths:1 | Found a shadowy altar of Dithmenos.
 59670 | Depths:1 | Found a one-way gate to the infinite horrors of the Abyss.
 59895 | Depths:1 | Reached XP level 25. HP: 144/144 MP: 24/24
 59895 | Depths:1 | Gained a life (1 life remaining)
 61127 | Depths:2 | Found a one-way gate leading to the halls of Pandemonium.
 61509 | Depths:3 | Found a one-way gateway to a ziggurat.
 61846 | Vaults:5 | Entered Level 5 of the Vaults
 61880 | Vaults:5 | Noticed an ancient lich
 61901 | Vaults:5 | Killed an ancient lich
 61920 | Vaults:5 | Killed from afar by a frost giant
 61920 | Vaults:5 | Lost a life (0 lives remaining)
 61937 | Vaults:5 | Noticed Boris
 61948 | Vaults:5 | Noticed Bai Suzhen
 61951 | Vaults:5 | Killed Boris
 61964 | Vaults:5 | Reached XP level 26. HP: 65/151 MP: 24/24
 61965 | Vaults:5 | Killed Bai Suzhen
 61967 | Vaults:5 | Engulfed by a cloud of thunder

Illustrated notes

Levels and vault maps discovered:
D:1:      lightli_arrival_windingriver, layout_basic
D:2:      layout_basic, basic_altar, serial_shops, nicolae_shop_back_alley_shop,
          st_stairs_1, serial_bayou_pond_e, uniq_sigmund
D:3:      layout_basic, basic_ecumenical_altar, minmay_quantized
D:4:      layout_loops_ring, nicolae_ossuary_entry_monument, minmay_liquid_box
D:5:      layout_gridville, minmay_temple_entry_wispy, corexii_corridor_pit,
          nicolae_shop_vocational
D:6:      layout_rooms, serial_rivers, chequers_serial_rivers_room_a,
          chequers_serial_rivers_marsh, chequers_serial_rivers_marsh,
          chequers_serial_rivers_micro_d, chequers_serial_rivers_micro_a,
          chequers_serial_rivers_room_b, serial_shops, shop
D:7:      layout_cave_pods, gammafunk_ghost_split, uniq_duvessa, uniq_maggie,
          uniq_maurice
D:8:      layout_cave_pools, uniq_erica, uniq_gastronok
D:9:      layout_roguey, nicolae_custom_books, nicolae_elevator_lobby_plus
D:10:     minmay_sliced_demisemicircle, layout_irregular_city,
          regret_index_xom_buried_treasure, erik_lair_orcish_takeover,
          serial_shops, nicolae_inconvenience_store, uniq_nergalle, uniq_lodul,
          uniq_snorg, uniq_joseph
D:11:     layout_basic, gammafunk_ghost_necromancy, serial_shops,
          nicolae_book_shop_shelving, elyvilon_altar_4, uniq_fannar
D:12:     minmay_box_of_statues, layout_basic, portal_ice_cave_entry_imps,
          uniq_urug
D:13:     layout_basic, david_vaults_1, serial_demonic, serial_demonic_a,
          serial_demonic_c, serial_demonic_c, serial_demonic_c,
          serial_demonic_f, serial_demonic_d, serial_demonic_f,
          serial_demonic_g, serial_demonic_d, serial_demonic_c,
          minmay_guarded_unrand_skullcrusher, uniq_kirke
D:14:     layout_cave_pods, kennysheep_another_room
D:15:     hellmonk_depths_entry_around_the_bend, layout_loops_cross,
          amcnicky_mini_rare_corridor_liquid, glass_columns_c, drop_trap
Lair:1:   layout_regular_city, chequers_serial_rivers_large_a, uniq_jeremiah
Lair:2:   layout_regular_city, grunt_megastairs_3, lemuel_fruit_tree,
          lemuel_fruit_fields
Lair:3:   layout_gridlike, swamp_mist, nicolae_snake_entry_squirm,
          ebering_ghost_rock_garden
Lair:4:   layout_misc_corridors, slime_entry_1, grunt_megastairs_2
Lair:5:   hangedman_lair_tendril_chambers, layout_loops_ring
Swamp:1:  layout_basic_swamp, ebering_ghost_rock_garden,
          evilmike_swamp_ruin_wall, swamp_pool_1_2, hangedman_swamp_dais
Swamp:2:  tekkud_swamp_unearthing_site, layout_basic_swamp,
          evilmike_swamp_ruin_house_6, serial_swamp_ruin,
          evilmike_swamp_ruin_house_5, evilmike_swamp_ruin_house_4,
          nicolae_swamp_long_stream
Swamp:3:  cheibrodos_swamp_heart_of_darkness, layout_basic_swamp,
          gammafunk_ghost_berserking_beasts, hangedman_swamp_diagram
Swamp:4:  swamp_icy, layout_basic_swamp, swamp_pool_1_2
Snake:1:  layout_chambers, serial_shops, shop
Snake:2:  layout_onion_interference, nicolae_snake_salamander_zone
Snake:3:  layout_cave_pods
Snake:4:  grunt_snake_rune_pools, layout_onion_interference,
          guppyfry_snake_island
Orc:1:    layout_caves, serial_shops, nicolae_shop_drivethru
Orc:2:    pubby_orc_utopia
Elf:1:    layout_loops_corners, serial_shops, shop, minmay_elf_crystal_hexagon,
          minmay_shop_enchanted_jewellery, serial_library_hellmonk_open_square,
          hangedman_research_thanatology
Elf:2:    elven_hall_of_blades_hangedman_original [mumra_blade_entry_dagger],
          layout_geoelf_octagon
Elf:3:    minmay_elf_hall_furrowed, layout_rooms, serial_shops, bzr_entry_road,
          special_room [special_room_mythical_zoo], corexii_hall_statues_l,
          grunt_ministairs_9, guppyfry_elf_garden, uniq_mara
Vaults:1: ontoclasm_vaults_spin, st_star, nicolae_vaults_apartment_2,
          hangedman_vaults_cutoff, v_misc_10, v_misc_5, v_misc_3,
          ontoclasm_vaults_claustrophobia, nicolae_vaults_offset_grid_hallway_1,
          nicolae_vaults_prndl, ontoclasm_vaults_misaligned,
          hangedman_vaults_snaps, vaults_dpeg_hooks, vaults_room_ringed_pool,
          ontoclasm_vaults_tryst, layout_vaults_maze
Vaults:2: vaults_dpeg_emergency_exit, grunt_vaults_swirl,
          nicolae_vaults_trapezoid_4, vaults_room_fours, vaults_room_pool,
          nicolae_vaults_little_squares_6, nicolae_vaults_lightning_bolt,
          layout_vaults_omnigrid, dummy_crypt_entry, uniq_asterion
Vaults:3: gammafunk_ghost_ooze, hangedman_vaults_trim, v_alt_pattern_2,
          nicolae_vaults_trapezoid_lopsided_4, nicolae_vaults_tangram_1,
          v_misc_29, nicolae_vaults_tangram_2, hangedman_vaults_river_flow,
          nicolae_vaults_stairing_the_circle,
          nicolae_vaults_door_testing_chamber, layout_vaults_ring, serial_shops,
          bzr_entry_gold
Vaults:4: nicolae_vaults_more_shelving_2, hangedman_vaults_corner,
          nicolae_vaults_thirteen_compartments, v_misc_9,
          nicolae_vaults_network_square, vaults_dpeg_spiral,
          vaults_room_corners, nicolae_vaults_apartment_1,
          nicolae_vaults_little_ls, nicolae_vaults_taking_the_gang_shopping,
          hangedman_vaults_impose, layout_vaults_omnicross, serial_shops,
          nicolae_shop_hallway_stairs
Vaults:5: serial_shops, uniq_bai_suzhen, uniq_boris
Depths:1: layout_cave_pools, hell_entry, abyss_entry, minmay_tree_intersection,
          st_stairs_9, grunt_dithmenos_smoke
Depths:2: minmay_crystal_thing, layout_basic, rand_demon_pan_entry_4,
          nicolae_figureground_pulse, hell_entry, nrook_mini_backslash,
          serial_library_regret_index_split_case, st_stairs_1, chequers_jeans
Depths:3: minmay_skeletal_surprise, layout_gridlike, enter_ziggurat_d,
          grunt_hell_entry_dis_mu, hangedman_abyss_or_decor_stabs,
          hangedman_abyss_entry_splay, chequers_serial_rivers_small_b,
          serial_bayou_pond_d, uniq_parghit

Skill      XL: |  1  2  3  4  5  6  7  8  9 10 11 12 13 14 15 16 17 18 19 20 21 22 23 24 25 26 |
---------------+-------------------------------------------------------------------------------+-----
Stealth        | 1 5 6 8 10 12 14 15 19 20 | 20.0
Unarmed Combat | 4 5 6 7 9 10 11 12 13 15 16 17 18 19 20 21 | 21.3
Dodging        | 5 9 10 11 15 19 20 21 22 23 24 | 24.7
Shapeshifting  | 4 6 7 8 12 15 16 17 18 19 20 | 20.6
Fighting       | 5 10 12 13 14 15 16 17 19 20 | 20.0
Evocations     | 3 5 10 12 13 15 16 | 16.8

Action                     |  1- 3 |  4- 6 |  7- 9 | 10-12 | 13-15 | 16-18 | 19-21 | 22-24 | 25-27 || total
---------------------------+-------+-------+-------+-------+-------+-------+-------+-------+-------++-------
  Melee: Unarmed           |    81 |   111 |   415 |   600 |  1423 |  1308 |   440 |   690 |   170 ||  5238
         Bite              |     8 |    13 |    45 |    98 |   231 |   172 |    81 |    84 |    32 ||   764
         Punch             |       |     3 |    21 |    52 |   157 |   115 |    70 |   101 |    28 ||   547
         Tailslap          |       |       |       |       |    52 |   217 |   116 |   149 |    48 ||   582
 Invoke: Berserk           |     2 |     3 |    11 |    18 |    28 |     8 |     3 |     3 |     1 ||    77
         Trog's Hand       |       |       |     5 |     7 |     9 |    12 |     4 |     5 |     1 ||    43
         Brothers in Arms  |       |       |       |     3 |     6 |     3 |     2 |     1 |     3 ||    18
  Evoke: Wand              |       |       |       |     9 |     9 |     7 |       |       |     4 ||    29
         Box of beasts     |       |       |       |       |       |       |     1 |       |     1 ||     2
         Tin of tremorston |       |       |       |       |       |       |       |     3 |       ||     3
    Use: Scroll            |     3 |    10 |     9 |     9 |     8 |     7 |     1 |     4 |     2 ||    53
         Potion            |       |       |     2 |     3 |     6 |     3 |     3 |     3 |     1 ||    21
   Stab: Sleeping          |     3 |    10 |    16 |    24 |    28 |    65 |     8 |    19 |     7 ||   180
         Distracted        |       |       |       |     2 |    12 |    14 |     4 |    11 |     4 ||    47
 Armour: Skin              |    22 |    22 |   108 |   136 |   390 |   636 |   185 |   334 |    66 ||  1899
  Dodge: Dodged            |    79 |    77 |   418 |   618 |  1830 |  1390 |   467 |   627 |   116 ||  5622
   Form: Dragon            |       |       |       |       |     1 |       |       |       |       ||     1
